AoeStats
← AOKI_GworK

Lombardia

507342810Analyzed
4v4 RM · 14d ago on Sep 17, 2026· 37m 23s· 8 players
Game mode
Random Map
Map size
Large (8 player)
Population
200
Speed
Normal
Resources
Standard
Victory
Conquest
Starting age
Dark Age
Ending age
Imperial Age
RankedLock teamsTeams togetherTeam positionsShared explorationLock speedFull tech treeHidden civsTurbo modeCheats
Victory
Defeat
🇫🇷 Bengalis · France
1808
+8
🇫🇷 Byzantines · France
1801
+8
🇫🇷 Teutons · France
1754
+10
🇫🇷 Italians · France
1734
+11
🇲🇽 Gurjaras · Mexico
1654
-10
🇬🇧 Britons · United Kingdom
1651
-10
🇧🇷 Magyars · Brazil
1631
-10
🇩🇪 Armenians · Germany
1538
-7
Rv
6:38 Loom
8:57 Feudal Age
9:45 Double-Bit Axe
9:40 Horse Collar
9:55 Horse Collar
14:59 Fletching
16:42 Padded Archer Armor
24:46 Castle Age
23:33 Gold Mining
24:49 Bloodlines
24:50 Crossbowman
24:53 Elite Skirmisher
25:28 Bodkin Arrow
26:17 Leather Archer Armor
26:17 Bow Saw
26:17 Heavy Plow
27:14 Ballistics
28:39 Wheelbarrow
30:29 Hand Cart
30:12 Stone Mining
30:50 Town Watch
33:28 Thumb Ring
35:58 Imperial Age
33:44 Thumb Ring
34:49 Bloodlines
35:52 Husbandry
37:06 Bracer
38:08 Chemistry
MyNameIsLassen
8:24 Loom
11:44 Feudal Age
12:38 Double-Bit Axe
13:04 Horse Collar
19:13 Castle Age
18:03 Padded Archer Armor
18:35 Gold Mining
19:33 Fletching
20:18 Crossbowman
21:38 Bodkin Arrow
24:02 Bow Saw
25:47 Ballistics
26:20 Leather Archer Armor
30:52 Wheelbarrow
36:39 Imperial Age
34:31 Stone Mining
37:20 Bracer
38:23 Chemistry
36:48 Elite Composite Bowman
Sorrateiro
6:05 Loom
6:14 Loom
9:04 Feudal Age
10:27 Town Watch
10:28 Double-Bit Axe
11:16 Horse Collar
15:17 Wheelbarrow
20:52 Castle Age
19:43 Gold Mining
21:56 Bow Saw
22:44 Heavy Plow
29:06 Gold Shaft Mining
28:22 Stone Mining
33:02 Imperial Age
30:50 Fletching
31:22 Ballistics
31:43 Bodkin Arrow
31:49 Padded Archer Armor
32:24 Hand Cart
32:45 Scale Barding Armor
33:07 Bloodlines
32:58 Husbandry
33:06 Cavalier
34:32 Chain Barding Armor
35:50 Plate Barding Armor
Go-Toba
11:09 Feudal Age
9:44 Loom
11:51 Double-Bit Axe
11:28 Man-at-Arms
12:15 Horse Collar
15:32 Town Watch
18:09 Castle Age
16:25 Fletching
17:34 Padded Archer Armor
18:19 Crossbowman
18:59 Bodkin Arrow
21:12 Bow Saw
22:34 Heavy Plow
24:27 Wheelbarrow
25:58 Ballistics
28:35 Gold Mining
32:32 Imperial Age
32:34 Arbalester
33:37 Bracer
35:24 Chemistry
AOKI_Thanouille
6:03 Loom
9:41 Feudal Age
10:11 Double-Bit Axe
12:29 Fletching
17:34 Horse Collar
20:26 Wheelbarrow
23:47 Castle Age
22:08 Gold Mining
22:28 Padded Archer Armor
24:01 Crossbowman
24:36 Bodkin Arrow
24:53 Bow Saw
26:03 Ballistics
26:59 Heavy Plow
28:53 Forging
29:01 Leather Archer Armor
30:31 Town Watch
32:11 Hand Cart
36:09 Imperial Age
35:00 Gold Shaft Mining
36:14 Arbalester
36:55 Bracer
37:56 Chemistry
37:48 Ring Archer Armor
38:35 Two-Man Saw
AOKI_Nyusika
8:56 Loom
11:01 Feudal Age
12:25 Double-Bit Axe
15:22 Castle Age
14:15 Horse Collar
16:19 Bow Saw
22:56 Wheelbarrow
22:45 Fletching
22:47 Crossbowman
23:46 Gold Mining
24:39 Bodkin Arrow
27:01 Gold Shaft Mining
30:16 Imperial Age
28:08 Padded Archer Armor
28:31 Ballistics
30:19 Stone Mining
30:58 Bracer
32:00 Chemistry
31:49 Leather Archer Armor
31:16 Arbalester
32:50 Fortified Wall
32:20 Treadmill Crane
34:05 Ring Archer Armor
33:37 Heavy Plow
33:53 Hand Cart
35:04 Thumb Ring
35:14 Squires
35:15 Scale Mail Armor
34:59 Pikeman
36:11 Forging
36:49 Chain Mail Armor
36:16 Halberdier
38:19 Plate Mail Armor
38:24 Iron Casting
37:54 Scale Barding Armor
AOKI_Totor
10:33 Feudal Age
14:37 Castle Age
13:45 Double-Bit Axe
15:39 Bow Saw
16:48 Town Watch
16:48 Loom
17:17 Scale Barding Armor
21:52 Wheelbarrow
21:36 Gold Mining
21:43 Horse Collar
22:54 Bloodlines
23:44 Chain Barding Armor
24:41 Forging
26:44 Stone Mining
31:46 Imperial Age
29:56 Iron Casting
32:23 Heavy Plow
31:57 Cavalier
34:07 Two-Man Saw
33:46 Plate Barding Armor
33:47 Hand Cart
36:13 Blast Furnace
AOKI_GworK
6:48 Loom
9:18 Feudal Age
9:22 Man-at-Arms
9:56 Double-Bit Axe
14:19 Fletching
18:32 Wheelbarrow
21:23 Castle Age
21:21 Stone Mining
22:36 Bow Saw
23:42 Horse Collar
24:16 Town Watch
24:47 Hand Cart
28:03 Gold Mining
32:50 Imperial Age
30:36 Heavy Plow
31:19 Bodkin Arrow
32:27 Padded Archer Armor
32:56 Elite Genoese Crossbowman
33:58 Conscription
34:32 Ballistics
35:13 Chemistry
34:27 Fortified Wall
35:07 Thumb Ring
35:30 Bracer
35:55 Leather Archer Armor
38:12 Ring Archer Armor
Connection lost

Rejoining the realm…

Still unreachable

The connection could not be restored.

Session expired

The server has moved on; the page needs a fresh start.